IL
IOWA CUBS @ LAS VEGAS 51S
08/18/2044
 
TOP OF THE 1ST
Iowa Cubs batting - Pitching for Las Vegas 51s : RHP Andy Reinhardt
Pitching: RHP Andy Reinhardt
Batting: LHB Barend van der Kamp 0-0: Called Strike
0-1: Ball
1-1: Foul Ball, location: 2F
1-2: Ball
2-2: Ball
3-2: Foul Ball, location: 2F
3-2: SINGLE (Line Drive, 34D, EV 94.4 MPH)
Batting: RHB Pat Barton 0-0: Swinging Strike
0-1: Ball
1-1: Swinging Strike
1-2: Strikes out looking
Batting: SHB Gerardo Flores 0-0: Grounds into double play, 6-4-3 (Groundball, 6, EV 90.0 MPH)
Top of the 1st over - 0 runs, 1 hit, 0 errors, 0 left on base; Iowa 0 - Las Vegas 0
BOTTOM OF THE 1ST
Las Vegas 51s batting - Pitching for Iowa Cubs : LHP Kyle Foster
Pitching: LHP Kyle Foster
Batting: RHB Jordan Martin 0-0: Ball
1-0: Ball
2-0: Ball
3-0: Called Strike
3-1: Foul Ball, location: 2F
3-2: Strikes out swinging
Batting: RHB Steven Romanovsky 0-0: Ball
1-0: Ground out 6-3 (Groundball, 6, EV 88.8 MPH)
Batting: SHB Josh Schultze 0-0: Called Strike
0-1: Ground out 5-3 (Groundball, 56S, EV 73.1 MPH)
Bottom of the 1st over - 0 runs, 0 hits, 0 errors, 0 left on base; Iowa 0 - Las Vegas 0
TOP OF THE 2ND
Iowa Cubs batting - Pitching for Las Vegas 51s : RHP Andy Reinhardt
Batting: RHB Butch Koglin 0-0: Called Strike
0-1: Ball
1-1: Foul Ball, location: 2F
1-2: Fly out, F3 (Line Drive, 4, EV 73.1 MPH)
Batting: LHB Paul Perry 0-0: Ball
1-0: Foul Ball, location: 2F
1-1: Called Strike
1-2: Strikes out swinging
Batting: SHB Seung-ho Zhang 0-0: Foul Ball, location: 2F
0-1: Fly out, F8 (Line Drive, 8RM, EV 86.9 MPH)
Top of the 2nd over - 0 runs, 0 hits, 0 errors, 0 left on base; Iowa 0 - Las Vegas 0
BOTTOM OF THE 2ND
Las Vegas 51s batting - Pitching for Iowa Cubs : LHP Kyle Foster
Batting: LHB Sal Fernandez 0-0: Ball
1-0: Called Strike
1-1: Foul Ball, location: 2F
1-2: Foul Ball, location: 2F
1-2: Ball
2-2: Strikes out swinging
Batting: RHB Leon Edwards 0-0: Swinging Strike
0-1: Called Strike
0-2: Ground out U3 (Groundball, 34, EV 90.0 MPH)
Batting: LHB Bill Armijo 0-0: Ball
1-0: Called Strike
1-1: Ball
2-1: Foul Ball, location: 2F
2-2: Strikes out looking
Bottom of the 2nd over - 0 runs, 0 hits, 0 errors, 0 left on base; Iowa 0 - Las Vegas 0
TOP OF THE 3RD
Iowa Cubs batting - Pitching for Las Vegas 51s : RHP Andy Reinhardt
Batting: SHB Nick Chandler 0-0: Called Strike
0-1: SINGLE (Line Drive, 4MD, EV 106.9 MPH)
Batting: LHB Jose Mojica 0-0: Ball
1-0: Foul Ball, location: 2F
1-1: Called Strike
1-2: Ball
2-2: Fly out, F7 (Flyball, 78S, EV 89.4 MPH)
Batting: SHB R.J. Vargas 0-0: Called Strike
0-1: Ball
1-1: Called Strike
1-2: SINGLE (Groundball, 3D, EV 93.8 MPH)
Nick Chandler to second
Runner from 2nd tries for 3rd, OUT! 9-5
Batting: LHB Barend van der Kamp 0-0: Ball
1-0: Called Strike
1-1: Foul Ball, location: 2F
1-2: Ball
2-2: Foul Ball, location: 2F
2-2: Foul Ball, location: 2F
2-2: Ground out 4-3 (Groundball, 4, EV 93.1 MPH)
Top of the 3rd over - 0 runs, 2 hits, 0 errors, 1 left on base; Iowa 0 - Las Vegas 0
BOTTOM OF THE 3RD
Las Vegas 51s batting - Pitching for Iowa Cubs : LHP Kyle Foster
Batting: LHB Roy Riess 0-0: Called Strike
0-1: SINGLE (Groundball, 6M, EV 97.5 MPH)
Batting: LHB Adam Hairston 0-0: Swinging Strike
0-1: Ball
1-1: Swinging Strike
1-2: Foul Ball, location: 2F
1-2: Foul Ball, location: 2F
1-2: Foul Ball, location: 2F
1-2: Strikes out swinging
Batting: LHB Ben Goldstein 0-0: Called Strike
0-1: Ball
1-1: Swinging Strike
1-2: Strikes out looking
Batting: RHB Jordan Martin 0-0: Foul Ball, location: 2F
0-1: Ball
1-1: Foul Ball, location: 2F
1-2: SINGLE (Line Drive, 9S, EV 108.8 MPH)
Roy Riess to second
Batting: RHB Steven Romanovsky 0-0: Ball
1-0: Ball
2-0: Fielders Choice at 2nd, 6-4 (Groundball, 6, EV 89.4 MPH)
Bottom of the 3rd over - 0 runs, 2 hits, 0 errors, 2 left on base; Iowa 0 - Las Vegas 0
TOP OF THE 4TH
Iowa Cubs batting - Pitching for Las Vegas 51s : RHP Andy Reinhardt
Batting: RHB Pat Barton 0-0: Fly out, F8 (Flyball, 8LS, EV 88.8 MPH)
Batting: SHB Gerardo Flores 0-0: Ground out U3 (Groundball, 3, EV 82.5 MPH)
Batting: RHB Butch Koglin 0-0: Called Strike
0-1: SINGLE (Groundball, 56D, EV 98.1 MPH)
Batting: LHB Paul Perry 0-0: Ball
1-0: Foul Ball, location: 2F
1-1: 2-RUN HOME RUN (Flyball, 7LD, EV 91.3 MPH), Distance : 335 ft
Batting: SHB Seung-ho Zhang 0-0: Ground out 5-3 (Groundball, 56, EV 85.0 MPH)
Top of the 4th over - 2 runs, 2 hits, 0 errors, 0 left on base; Iowa 2 - Las Vegas 0
BOTTOM OF THE 4TH
Las Vegas 51s batting - Pitching for Iowa Cubs : LHP Kyle Foster
Batting: SHB Josh Schultze 0-0: Called Strike
0-1: Swinging Strike
0-2: Ball
1-2: Ball
2-2: Ball
3-2: Base on Balls
Batting: LHB Sal Fernandez 0-0: Ball
1-0: Called Strike
1-1: Swinging Strike
1-2: Ball
2-2: Foul Ball, location: 2F
2-2: DOUBLE (Line Drive, 7LS, EV 97.5 MPH)
Josh Schultze to third
Runner from 3rd tries for Home, SAFE, throw by LF to trailing runner, OUT at third! 7-3-5
Batting: RHB Leon Edwards 0-0: Ball
1-0: Foul Ball, location: 2F
1-1: Foul Ball, location: 2F
1-2: Ground out 3-1 (Groundball, 34, EV 90.6 MPH)
Batting: LHB Bill Armijo 0-0: SINGLE (Flyball, 8RS, EV 88.8 MPH)
Batting: LHB Roy Riess 0-0: Ball
1-0: SINGLE (Groundball, 6MD, EV 96.3 MPH)
Bill Armijo to second
Batting: LHB Adam Hairston 0-0: Foul Ball, location: 2F
0-1: Ball
1-1: Ball
2-1: Foul Ball, location: 2F
2-2: Ground out 5-3 (Groundball, 25, EV 83.1 MPH)
Bottom of the 4th over - 1 run, 3 hits, 0 errors, 2 left on base; Iowa 2 - Las Vegas 1
TOP OF THE 5TH
Iowa Cubs batting - Pitching for Las Vegas 51s : RHP Andy Reinhardt
Batting: SHB Nick Chandler 0-0: Ball
1-0: Ground out 6-3 (Groundball, 6, EV 101.3 MPH)
Batting: LHB Jose Mojica 0-0: Called Strike
0-1: Ground out U3 (Groundball, 3S, EV 85.0 MPH)
Batting: SHB R.J. Vargas 0-0: Ball
1-0: DOUBLE (Line Drive, 89M, EV 101.9 MPH)
Batting: LHB Barend van der Kamp 0-0: Called Strike
0-1: Called Strike
0-2: Ball
1-2: Ball
2-2: Strikes out looking
Top of the 5th over - 0 runs, 1 hit, 0 errors, 1 left on base; Iowa 2 - Las Vegas 1
BOTTOM OF THE 5TH
Las Vegas 51s batting - Pitching for Iowa Cubs : LHP Kyle Foster
Batting: LHB Ben Goldstein 0-0: Called Strike
0-1: Fly out, F7 (Flyball, 7S, EV 92.5 MPH)
Batting: RHB Jordan Martin 0-0: Ball
1-0: Ball
2-0: Ball
3-0: Base on Balls
Batting: RHB Steven Romanovsky 0-0: Ball
1-0: SINGLE (Line Drive, 78S, EV 99.4 MPH)
Jordan Martin to second
Batting: SHB Josh Schultze 0-0: Called Strike
Jordan Martin steals 3rd base
0-1: Fly out, F8 (Flyball, 89S, EV 91.9 MPH)
Batting: LHB Sal Fernandez 0-0: Called Strike
0-1: Foul Ball, location: 2F
0-2: Ball
1-2: Foul Ball, location: 2F
1-2: Ball
2-2: Ground out U3 (Groundball, 3, EV 83.8 MPH)
Bottom of the 5th over - 0 runs, 1 hit, 0 errors, 2 left on base; Iowa 2 - Las Vegas 1
TOP OF THE 6TH
Iowa Cubs batting - Pitching for Las Vegas 51s : RHP Andy Reinhardt
Batting: RHB Pat Barton 0-0: Ball
1-0: Ball
2-0: Foul Ball, location: 2F
2-1: Swinging Strike
2-2: Ball
3-2: Ground out 4-3 (Groundball, 4, EV 88.8 MPH)
Batting: SHB Gerardo Flores 0-0: Ball
1-0: Foul Ball, location: 2F
1-1: Foul Ball, location: 2F
1-2: Ball
2-2: Ground out 4-3 (Groundball, 4, EV 90.6 MPH)
Batting: RHB Butch Koglin 0-0: Ball
1-0: SINGLE (Line Drive, 78S, EV 106.3 MPH)
Batting: LHB Paul Perry 0-0: DOUBLE (Flyball, 89XD, EV 110.0 MPH)
Butch Koglin to third
Runner from 3rd tries for Home, SAFE, throw by CF to trailing runner, SAFE at third!
Batting: SHB Seung-ho Zhang 0-0: Ball
1-0: Ground out 4-3 (Groundball, 4, EV 85.0 MPH)
Top of the 6th over - 1 run, 2 hits, 0 errors, 1 left on base; Iowa 3 - Las Vegas 1
BOTTOM OF THE 6TH
Las Vegas 51s batting - Pitching for Iowa Cubs : LHP Kyle Foster
Batting: RHB Leon Edwards 0-0: Ball
1-0: Ball
2-0: Ground out 5-3 (Groundball, 56S, EV 83.1 MPH)
Batting: LHB Bill Armijo 0-0: Called Strike
0-1: Foul Ball, location: 2F
0-2: Ball
1-2: Ball
2-2: SOLO HOME RUN (Flyball, 9LD, EV 91.9 MPH), Distance : 328 ft
Batting: LHB Roy Riess 0-0: Ball
1-0: Ball
2-0: Ball
3-0: Called Strike
3-1: Foul Ball, location: 2F
3-2: Hit by Pitch
Batting: LHB Adam Hairston 0-0: Called Strike
0-1: Swinging Strike
0-2: Ball
1-2: Ball
2-2: Ball
3-2: Base on Balls
Roy Riess to second
Pitching: RHP Andy Temples
Batting: LHB Ben Goldstein 0-0: Called Strike
0-1: Called Strike
0-2: Ball
Wild Pitch!
Roy Riess to third
Adam Hairston to second
1-2: Strikes out swinging
Batting: RHB Jordan Martin 0-0: Called Strike
0-1: Ball
1-1: Ball
2-1: Called Strike
2-2: Ball
3-2: Foul Ball, location: 2F
3-2: Fly out, F8 (Flyball, 78D, EV 95.6 MPH)
Bottom of the 6th over - 1 run, 1 hit, 0 errors, 2 left on base; Iowa 3 - Las Vegas 2
TOP OF THE 7TH
Iowa Cubs batting - Pitching for Las Vegas 51s : RHP Andy Reinhardt
Batting: SHB Nick Chandler 0-0: Called Strike
0-1: Ball
1-1: Ball
2-1: Ball
3-1: Foul Ball, location: 2F
3-2: Base on Balls
Batting: LHB Jose Mojica 0-0: Ball
1-0: Foul Ball, location: 2F
1-1: DOUBLE (Line Drive, 3D, EV 96.9 MPH)
Nick Chandler to third
Batting: SHB R.J. Vargas 0-0: Called Strike
0-1: Swinging Strike
0-2: Ball
1-2: Strikes out swinging
Batting: LHB Barend van der Kamp 0-0: Ball
1-0: Foul Ball, location: 2F
1-1: Ground out 1-3 (Groundball, 13S, EV 62.5 MPH)
Batting: RHB Pat Barton 0-0: Called Strike
0-1: Ground out 4-3 (Groundball, 4, EV 85.0 MPH)
Top of the 7th over - 0 runs, 1 hit, 0 errors, 2 left on base; Iowa 3 - Las Vegas 2
BOTTOM OF THE 7TH
Las Vegas 51s batting - Pitching for Iowa Cubs : RHP Andy Temples
Batting: RHB Steven Romanovsky 0-0: Fly out, F9 (Line Drive, 9, EV 93.1 MPH)
Batting: SHB Josh Schultze 0-0: Ball
1-0: Ball
2-0: Ground out 4-3 (Groundball, 4, EV 81.9 MPH)
Batting: LHB Sal Fernandez 0-0: Ball
1-0: Foul Ball, location: 2F
1-1: Swinging Strike
1-2: Foul Ball, location: 2F
1-2: Strikes out swinging
Bottom of the 7th over - 0 runs, 0 hits, 0 errors, 0 left on base; Iowa 3 - Las Vegas 2
TOP OF THE 8TH
Iowa Cubs batting - Pitching for Las Vegas 51s : RHP Andy Reinhardt
Batting: SHB Gerardo Flores 0-0: Foul Ball, location: 2F
0-1: SINGLE (Line Drive, 56, EV 99.4 MPH)
Batting: RHB Butch Koglin 0-0: Called Strike
0-1: Grounds into double play, 6-4-3 (Groundball, 6, EV 105.0 MPH)
Batting: LHB Paul Perry 0-0: Called Strike
0-1: SINGLE (Line Drive, 8LS, EV 101.3 MPH)
Batting: SHB Seung-ho Zhang 0-0: Ball
1-0: Called Strike
1-1: Called Strike
1-2: Ball
Paul Perry steals 2nd base
2-2: Ground out 6-3 (Groundball, 4M, EV 108.8 MPH)
Top of the 8th over - 0 runs, 2 hits, 0 errors, 1 left on base; Iowa 3 - Las Vegas 2
BOTTOM OF THE 8TH
Las Vegas 51s batting - Pitching for Iowa Cubs : RHP Andy Temples
Pinch Hitting: SHB Roberto Magne 0-0: Called Strike
0-1: Foul Ball, location: 2F
0-2: Ball
1-2: Ball
2-2: Foul Ball, location: 2F
2-2: Ground out 6-3 (Groundball, 6, EV 85.6 MPH)
Batting: LHB Bill Armijo 0-0: Swinging Strike
0-1: Ball
1-1: Ball
2-1: Fly out, F2 (Popup, 15S, EV 93.8 MPH)
Batting: LHB Roy Riess 0-0: Swinging Strike
0-1: Foul Ball, location: 2F
0-2: Ball
1-2: Strikes out swinging
Bottom of the 8th over - 0 runs, 0 hits, 0 errors, 0 left on base; Iowa 3 - Las Vegas 2
TOP OF THE 9TH
Iowa Cubs batting - Pitching for Las Vegas 51s : RHP Andy Reinhardt
Pitching: LHP Kyae-sung Che
Now at SS: Roberto Magne
Batting: SHB Nick Chandler 0-0: Called Strike
0-1: Swinging Strike
0-2: Ball
1-2: Strikes out swinging
Batting: LHB Jose Mojica 0-0: Foul Ball, location: 2F
0-1: Called Strike
0-2: Ball
1-2: Foul Ball, location: 2F
1-2: Ball
2-2: Strikes out swinging
Batting: SHB R.J. Vargas 0-0: Called Strike
0-1: Ball
1-1: Foul Ball, location: 2F
1-2: Foul Ball, location: 2F
1-2: Ball
2-2: Foul Ball, location: 2F
2-2: Ball
3-2: Strikes out looking
Top of the 9th over - 0 runs, 0 hits, 0 errors, 0 left on base; Iowa 3 - Las Vegas 2
BOTTOM OF THE 9TH
Las Vegas 51s batting - Pitching for Iowa Cubs : RHP Andy Temples
Pitching: LHP Shane Stratton
Now at 1B: Bobby Adams
Batting: LHB Adam Hairston 0-0: Swinging Strike
0-1: Called Strike
0-2: Foul Ball, location: 2F
0-2: Ball
1-2: Foul Ball, location: 2F
1-2: Ball
2-2: Fly out, F9 (Flyball, 89M, EV 83.8 MPH)
Batting: LHB Ben Goldstein 0-0: Ball
1-0: Ball
2-0: Ground out 5-3 (Groundball, 5L, EV 92.5 MPH)
Batting: RHB Jordan Martin 0-0: Ball
1-0: Swinging Strike
1-1: Swinging Strike
1-2: Ball
2-2: Ball
3-2: Ground out 4-3 (Groundball, 4MS, EV 83.1 MPH)
Bottom of the 9th over - 0 runs, 0 hits, 0 errors, 0 left on base; Iowa 3 - Las Vegas 2
Thursday, March 31st , 2022 - OOTP Baseball 22.12 Build 89